 Dungeon Crawl Stone Soup version 0.19-a0-1823-g21c7ecd (webtiles) character file.

282 Promi the Slasher (level 6, -1/48 HPs)
             Began as a Human Berserker on Oct 7, 2016.
             Was a Priest of Trog.
             Slain by Sigmund
             ... wielding a +4 scythe of protection
              (7 damage)
             ... on level 4 of the Dungeon.
             The game lasted 00:09:17 (3499 turns).

Promi the Slasher (Human Berserker)                 Turns: 3499, Time: 00:09:18

Health: -1/48      AC:  6    Str: 20    XL:     6   Next: 54%
Magic:  6/6        EV: 11    Int:  7    God:    Trog [***...]
Gold:   239        SH:  0    Dex: 12    Spells: 0 memorised, 5 levels left

rFire  + . .     SeeInvis .     a - +2 falchion
rCold  + . .     Gourm    .     l - +0 scale mail
rNeg   . . .     Faith    .     (no shield)
rPois  +         Spirit   .     (no helmet)
rElec  +         Dismiss  .     (no cloak)
rCorr  +         Reflect  .     (no gloves)
MR     .....     Harm     .     (no boots)
Stlth  ..........               (no amulet)
                                (no ring)
                                (no ring)

@: exhausted, resistant, slowed, very slow
A: no striking features
a: Berserk, Trog's Hand, Burn Spellbooks, Renounce Religion


You were on level 4 of the Dungeon.
You worshipped Trog.
Trog was most pleased with you.
You were hungry.

You visited 1 branch of the dungeon, and saw 4 of its levels.

You collected 239 gold pieces.

Inventory:

Hand Weapons
 a - a +2 falchion (weapon)
Armour
 l - a +0 scale mail (worn)
Jewellery
 p - a +2 ring of evasion {unknown}
Scrolls
 f - a scroll of identify
 g - 3 scrolls of remove curse
Potions
 d - a potion of resistance
 k - a potion of berserk rage
Comestibles
 c - 2 bread rations
 i - a meat ration
 r - a royal jelly
 s - 3 fruits
 t - a slice of pizza


   Skills:
 + Level 4.1 Fighting
 + Level 4.4 Long Blades
 + Level 3.3 Armour
 + Level 3.7 Dodging


You had 5 spell levels left.
You didn't know any spells.

Dungeon Overview and Level Annotations

Branches:
Dungeon (4/15)
 Temple: D:4-7

Altars:
Kikubaaqudgha
Nemelex Xobeh
Okawaru

Annotations:
D:4 Sigmund


Message History

The worker ant is severely wounded.
The worker ant barely misses you. Something hits you but does no damage.
The worker ant barely misses you.
You riposte.
You barely miss the worker ant.
The worker ant is severely wounded.
Okay, then.
You feel protected. Something hits you.
* * * LOW HITPOINT WARNING * * *
The worker ant misses you.
The worker ant waves its antennae.
The worker ant barely misses you.
You hit the worker ant.
You kill the worker ant!
Trog accepts your kill. Something hits you.
* * * LOW HITPOINT WARNING * * *
You hear the rusting of a very distant drain.
Something hits you but does no damage.
You closely miss something. Something barely misses you. Something hits you!
You die...

### .....# #..
#....# .. #.#
.....# .#
#.#######....# .#
###.........## .#
.....#####...# .#
.....# #...# .#
.....#
#...####.#"#.#.
.....#
#......@{......
.....#
#.......%#†#.####
.....#
#........#.#
.....#
#........#.#
.....#
##########..
.....# ## .....#
####.# #)#


There were no monsters in sight!

Vanquished Creatures
  Menkaure (D:4)
  An orc wizard (D:4)
  A worker ant (D:4)
  A hound skeleton (D:4)
  A gnoll (D:2)
  2 adders
  A dart slug (D:1)
  3 leopard geckos (D:3)
  11 orcs
  2 giant cockroaches
  12 goblins
  4 hobgoblins (D:2)
  2 jackals
  6 kobolds
  3 quokkas
  7 bats
  A frilled lizard (D:1)
  A giant cockroach zombie (D:3)
  2 rats
  A fungus (D:2)
63 creatures vanquished.

Notes
Turn   | Place    | Note
-------+----------+-------------------------------------------
     0 | D:1      | Promi the Human Berserker began the quest for the Orb.
     0 | D:1      | Reached XP level 1. HP: 18/18 MP: 1/1
   249 | D:1      | Reached XP level 2. HP: 24/24 MP: 2/2
   789 | D:1      | Reached XP level 3. HP: 18/29 MP: 3/3
  1281 | D:2      | Found a sparkling altar of Nemelex Xobeh.
  1353 | D:2      | Found an ancient bone altar of Kikubaaqudgha.
  1772 | D:2      | Found an iron altar of Okawaru.
  1786 | D:2      | Reached ** piety under Trog
  1991 | D:2      | Reached XP level 4. HP: 33/35 MP: 4/4
  2880 | D:3      | Reached XP level 5. HP: 41/41 MP: 5/5
  3217 | D:4      | Noticed Menkaure
  3259 | D:4      | Killed Menkaure
  3259 | D:4      | Reached *** piety under Trog
  3259 | D:4      | Reached XP level 6. HP: 25/48 MP: 6/6
  3478 | D:4      | Noticed Sigmund
  3499 | D:4      | Slain by Sigmund

Vault maps used:
D:1:      roderic_crossed_star
D:2:      okawaru_altar_gauntlet_db, kiku_gazebo_garden_becter, first_bread,
          minmay_gold_behind_fungi, nemelex_spade_bored_becter
D:4:      gup_sewer_entry_pipe, uniq_menkaure, uniq_grinder, uniq_sigmund

Skill      XL: |  1  2  3  4  5 |
---------------+----------------+-----
Dodging        | 3 |  3.7
Long Blades    | 4 |  4.4
Fighting       | 4 |  4.1
Armour         | 3 |  3.3

Action                   |  1- 3 |  4- 6 || total
-------------------------+-------+-------++-------
Melee: Falchion          |    99 |   111 ||   210
Invok: Berserk           |     2 |     5 ||     7
  Use: Potion            |       |     8 ||     8
       Scroll            |       |     6 ||     6
  Eat: Chunk             |     1 |     5 ||     6
       Bread ration      |     1 |     1 ||     2
Armor: Animal skin       |     3 |       ||     3
       Scale mail        |    43 |    62 ||   105
       Skin              |       |    13 ||    13
Dodge: Dodged            |    70 |    78 ||   148
       Rpst.: Falchion   |    18 |    19 ||    37
